[Event "Prague Open 2024"]
[Site "Prague"]
[Date "2024.01.08"]
[Round "5.17"]
[White "Zielonka, Adam"]
[Black "Matras, Ondrej"]
[Result "1/2-1/2"]
[ECO "C02"]
[WhiteElo "1966"]
[BlackElo "2185"]
[Annotator "ChessBase"]
[PlyCount "134"]
[EventDate "2024.01.02"]
[EventType "swiss"]
[EventCountry "CZE"]
[SourceTitle "playchess.com"]
[Source "ChessBase"]
[SourceQuality "1"]
[TimeControl "40/5400+30:1800+30"]

1. e4 e6 2. d4 d5 3. e5 c5 4. c3 Nc6 5. Nf3 Bd7 6. Be2 Nge7 7. O-O Nf5 8. dxc5 Bxc5 9. Bd3 Nh4 10. Nbd2 Ng6 11. Nb3 Bb6 12. Re1 Qb8 13. Qe2 Bc7 14. Bxg6 hxg6 15. Nc5 Qc8 16. Bf4 a6 17. c4 Ne7 18. Nxd7 Qxd7 19. Red1 Bb6 20. Bg5 Rc8 21. Bxe7 Kxe7 22. cxd5 exd5 23. Qd2 Rc5 24. Rac1 Rxc1 25. Qxc1 Rc8 26. Qg5+ Kf8 27. Qh4 Kg8 28. Ng5 Qf5 29. e6 Bxf2+ 30. Qxf2 Qxg5 31. Qxf7+ Kh7 32. e7 Rc2 33. Qxd5 Qe3+ 34. Kh1 Qxe7 35. Qb3 Qe2 36. Qh3+ Qh5 37. Qxh5+ gxh5 38. Rb1 Kg6 39. a4 Kf5 40. b4 Ke4 41. h3 Kd5 42. Rd1+ Kc6 43. b5+ axb5 44. axb5+ Kxb5 45. Rd7 b6 46. Rxg7 Rc5 47. g4 Kc4 48. g5 b5 49. g6 b4 50. Rb7 Rg5 51. g7 h4 52. Kh2 b3 53. Rc7+ Kd3 54. Rb7 Kc2 55. Rc7+ Kb2 56. Rb7 Rg3 57. Rc7 Ka2 58. Ra7+ Kb1 59. Rb7 b2 60. Rc7 Ka2 61. Ra7+ Kb3 62. Rb7+ Kc2 63. Rc7+ Kd2 64. Rb7 Kc1 65. Rc7+ Kb1 66. Rb7 Rg5 67. Rc7 Rg3 1/2-1/2

[Event "Prague Open 2024"]
[Site "Prague"]
[Date "2024.01.08"]
[Round "5.18"]
[White "Vavruska, Antonin"]
[Black "Sindler, Michal"]
[Result "0-1"]
[ECO "B22"]
[WhiteElo "1878"]
[BlackElo "2158"]
[Annotator "RC"]
[PlyCount "64"]
[EventDate "2024.01.02"]
[EventType "swiss"]
[EventCountry "CZE"]
[SourceTitle "playchess.com"]
[Source "ChessBase"]
[SourceQuality "1"]
[TimeControl "40/5400+30:1800+30"]

1. e4 c5 2. c3 Nf6 3. e5 Nd5 4. d4 cxd4 5. Qxd4 e6 6. Nf3 Nc6 7. Qe4 f5 8. Qa4 Qc7 9. Bf4 Nxf4 10. Qxf4 Be7 11. h4 Bf6 12. Qc4 Bxe5 13. Nxe5 Qxe5+ 14. Be2 b6 15. Nd2 Na5 16. f4 Nxc4 17. fxe5 Nxe5 18. O-O-O Bb7 19. Rhe1 O-O-O 20. g3 Rhf8 21. Nb3 f4 22. gxf4 Rxf4 23. h5 Nc6 24. Rg1 Rf7 25. Bd3 h6 26. Bg6 Re7 27. Rg3 d6 28. c4 a6 29. a3 Kc7 30. Be4 Na5 31. Nxa5 Bxe4 32. Nb3 e5 0-1

[Event "Prague Open 2024"]
[Site "Prague"]
[Date "2024.01.08"]
[Round "5.19"]
[White "Rakovsky, Jakub"]
[Black "Zemlicka, Vit"]
[Result "1/2-1/2"]
[ECO "B06"]
[WhiteElo "2157"]
[BlackElo "1964"]
[Annotator "RC"]
[PlyCount "60"]
[EventDate "2024.01.02"]
[EventType "swiss"]
[EventCountry "CZE"]
[SourceTitle "playchess.com"]
[Source "ChessBase"]
[SourceQuality "1"]
[TimeControl "40/5400+30:1800+30"]

1. e4 g6 2. d4 Bg7 3. Nc3 d6 4. Be3 a6 5. Nf3 Nf6 6. a4 Nc6 7. h3 O-O 8. g4 e5 9. d5 Nd4 10. Nxd4 exd4 11. Bxd4 Re8 12. Bg2 c5 13. dxc6 bxc6 14. O-O Rb8 15. Rb1 c5 16. Be3 Bb7 17. Qd3 Qe7 18. Bf4 Rbd8 19. Rfe1 h5 20. Qg3 hxg4 21. hxg4 Qe6 22. e5 dxe5 23. Rxe5 Qc8 24. Bxb7 Qxb7 25. Rxc5 Ne4 26. Nxe4 Rxe4 27. Be5 Qb4 28. Qc3 Rxg4+ 29. Kf1 Qxc3 30. Bxc3 Bxc3 1/2-1/2

[Event "Prague Open 2024"]
[Site "Prague"]
[Date "2024.01.08"]
[Round "5.20"]
[White "Koridze, Lile"]
[Black "Bech, Havard Eriksen"]
[Result "1-0"]
[ECO "D30"]
[WhiteElo "2152"]
[BlackElo "1955"]
[Annotator "RC"]
[PlyCount "91"]
[EventDate "2024.01.02"]
[EventType "swiss"]
[EventCountry "CZE"]
[SourceTitle "playchess.com"]
[Source "ChessBase"]
[SourceQuality "1"]
[TimeControl "40/5400+30:1800+30"]

1. d4 d5 2. c4 c6 3. Nf3 Nf6 4. e3 e6 5. Nbd2 Nbd7 6. Bd3 Bd6 7. O-O O-O 8. e4 e5 9. cxd5 cxd5 10. exd5 exd4 11. Nb3 Nb6 12. Nbxd4 Nbxd5 13. Bg5 h6 14. Bh4 Bg4 15. Bf5 Bxf5 16. Nxf5 Bc5 17. Ne5 Qb6 18. Qf3 Rfe8 19. Rae1 Bf8 20. Qg3 g6 21. Nc4 Qb4 22. Rc1 Ne4 23. Qg4 h5 24. Qd1 Ndc3 25. bxc3 Qxc4 26. Ne3 Qc6 27. Qd5 Qxd5 28. Nxd5 g5 29. Rfe1 Bg7 30. Nc7 Bxc3 31. Re2 Bd4 32. Nxe8 Rxe8 33. Bxg5 Bxf2+ 34. Rxf2 Nxg5 35. Rf5 Ne4 36. Rxh5 Kg7 37. Rd5 Nf6 38. Rf5 Re7 39. Rcf1 Nd7 40. h4 Ne5 41. Rg5+ Kh6 42. Rf6+ Kh7 43. Rff5 Nc6 44. Rh5+ Kg7 45. Rfg5+ Kf6 46. Rh6# 1-0

[Event "Prague Open 2024"]
[Site "Prague"]
[Date "2024.01.09"]
[Round "6.1"]
[White "Tobak, Mikhail"]
[Black "Mis, Mieszko"]
[Result "1/2-1/2"]
[ECO "B40"]
[WhiteElo "2288"]
[BlackElo "2301"]
[Annotator "RC"]
[PlyCount "73"]
[EventDate "2024.01.02"]
[EventType "swiss"]
[EventCountry "CZE"]
[SourceTitle "playchess.com"]
[Source "ChessBase"]
[SourceQuality "1"]
[TimeControl "40/5400+30:1800+30"]

1. e4 c5 2. Nf3 e6 3. g3 Nc6 4. Bg2 Nf6 5. d3 d5 6. Qe2 Be7 7. e5 Nd7 8. c4 O-O 9. O-O b5 10. cxd5 exd5 11. Nc3 Nb6 12. Nxb5 Rb8 13. Na3 Bg4 14. Nc2 Qd7 15. Re1 Rfe8 16. Bf4 Bd6 17. Qd2 Bc7 18. b3 Bxf3 19. Bxf3 Bxe5 20. Bxe5 Nxe5 21. Bg2 d4 22. Re4 Nc6 23. Qg5 Rxe4 24. Bxe4 Qd6 25. Na3 h6 26. Nb5 hxg5 27. Nxd6 Nb4 28. a3 N4d5 29. b4 cxb4 30. axb4 Rd8 31. Nb7 Ra8 32. Nc5 Rd8 33. b5 Nc8 34. Nb7 Rd7 35. Nc5 Rd8 36. Nb7 Rd7 37. Nc5 1/2-1/2

[Event "Prague Open 2024"]
[Site "Prague"]
[Date "2024.01.09"]
[Round "6.2"]
[White "Sowinski, Pawel"]
[Black "Stanojevic, Ilija"]
[Result "1/2-1/2"]
[ECO "D78"]
[WhiteElo "2357"]
[BlackElo "2206"]
[Annotator "RC"]
[PlyCount "66"]
[EventDate "2024.01.02"]
[EventType "swiss"]
[EventCountry "CZE"]
[SourceTitle "playchess.com"]
[Source "ChessBase"]
[SourceQuality "1"]
[TimeControl "40/5400+30:1800+30"]

1. Nf3 d5 2. g3 g6 3. Bg2 Bg7 4. d4 Nf6 5. O-O O-O 6. c4 c6 7. b3 Be6 8. Nbd2 Qb6 9. Bb2 a5 10. Re1 a4 11. c5 Qb5 12. Bc3 axb3 13. Qxb3 Qxb3 14. axb3 Nbd7 15. b4 h6 16. h3 Ne4 17. Nxe4 dxe4 18. Nd2 f5 19. e3 Bd5 20. Bf1 b5 21. cxb6 Nxb6 22. Ra5 Na4 23. Ba1 e6 24. Rc1 Rfb8 25. Rxa8 Rxa8 26. b5 cxb5 27. Bxb5 Nb6 28. Bc3 Bf8 29. Ra1 Rxa1+ 30. Bxa1 Bb4 31. Nb1 Ba2 32. Bc3 Bxb1 33. Bxb4 Ba2 1/2-1/2

[Event "Prague Open 2024"]
[Site "Prague"]
[Date "2024.01.09"]
[Round "6.3"]
[White "Eliseev, Sergey"]
[Black "Mohylnyi, Stepan"]
[Result "0-1"]
[ECO "B44"]
[WhiteElo "2232"]
[BlackElo "2180"]
[Annotator "TA"]
[PlyCount "152"]
[EventDate "2024.01.02"]
[EventType "swiss"]
[EventCountry "CZE"]
[SourceTitle "playchess.com"]
[Source "ChessBase"]
[SourceQuality "1"]
[TimeControl "40/5400+30:1800+30"]

1. e4 c5 2. Nf3 e6 3. d4 cxd4 4. Nxd4 Nc6 5. Nb5 a6 6. Nd6+ Bxd6 7. Qxd6 Qe7 8. Qxe7+ {B44: Sicilian: Taimanov: 5 Nb5.} (8. Qg3 $1 $16) 8... Ngxe7 $14 {[%cal Bg8e7,Be7c8,Bc8d6][%mdl 32] [#]} 9. a4 $146 ({Predecessor:} 9. c3 d5 10. exd5 Nxd5 11. Bd3 O-O 12. Nd2 b5 13. Nf3 Bb7 14. O-O e5 15. Be4 Rad8 {1-0 Deveci,H (1948)-Rodriguez Dominguez,M (2011) Titled Tuesday intern op 26th Sep Early blitz 2023 (7)}) 9... d5 10. f3 {The position is equal.} O-O 11. a5 Bd7 12. Be3 d4 13. Bd2 Nc8 14. Bd3 Nd6 15. f4 f6 16. Na3 e5 17. fxe5 fxe5 18. Nc4 Nxc4 19. Bxc4+ Kh8 20. Ra3 Na7 21. Rf3 Rfc8 22. Bd3 (22. Bd5 $5 Bc6 23. Kd1 $14) 22... Be6 {Inhibits Rf7.} 23. h4 Nc6 24. h5 h6 (24... Rc7 $14) 25. Rg1 (25. g4 $1 $16) 25... Rf8 $11 26. Rxf8+ Rxf8 27. Be2 Kh7 28. g4 g5 29. hxg6+ Kxg6 30. Rh1 Rh8 31. Rh5 Rh7 (31... Kg7 $11) 32. Kf2 (32. b4 $5 ) 32... Kg7 33. Kg3 Bf7 34. Rh1 Bg6 35. Bd3 h5 36. g5 Rh8 37. b4 (37. Rf1 $5) 37... Na7 38. Rf1 Rf8 {Inhibits Rf6.} 39. Re1 (39. Rxf8 $14 Kxf8 40. c4) 39... Rc8 (39... Nb5 $15) 40. Rf1 $14 Rf8 $1 41. Rh1 (41. Rxf8 $14 Kxf8 42. c4) 41... Nb5 $15 42. Rh4 Rc8 43. Bc1 Nc3 44. Kf2 {Against Ne2} (44. Bd2 $11) 44... Rf8+ (44... Be8 $17 45. Rh1 Kg6) 45. Ke1 (45. Kg3 $15) 45... Rf3 ({Black should try} 45... Be8 46. Bc4 Rf3) 46. Bd2 $17 Rf8 {Black has more active pieces.} (46... Be8 $17 {Threatens to win with ...Kg6.} 47. Bxc3 dxc3) 47. Bxc3 (47. Bc1 $1 $11 {remains equal.}) 47... dxc3 $11 {[%mdl 4096] Endgame KRB-KRB} 48. Bc4 {[#]} Bf7 (48... Be8 $1 $17) 49. Bd5 Bxd5 50. exd5 {KR-KR} Kg6 51. Rc4 Rd8 ({Of course not} 51... Kxg5 52. Rxc3 h4 53. Ke2) 52. Rc7 $2 (52. Rxc3 $11 {and White is okay.} Rxd5 53. Rc7) 52... Rxd5 $19 ({Worse is} 52... Kxg5 53. Rxb7 Rxd5 54. Rg7+ Kf4 55. Rc7 $17) 53. Rxb7 {[#]} Kxg5 $2 ({Better is} 53... Rd2 $1 $19 54. Rb6+ Kxg5 55. Rxa6 h4) 54. Rb6 (54. Rg7+ $1 $11 Kf4 55. Rc7) 54... Rd4 ({Black should play} 54... Rd2 $17 55. Rxa6 h4) 55. Rxa6 $11 {Black must now prevent b5.} Rxb4 {And now ...Rb2 would win.} 56. Ke2 Rd4 57. Ra8 Rd2+ 58. Ke3 Rxc2 59. a6 $2 {[%mdl 8192] White is on the road to losing.} (59. Kd3 $15 Ra2 60. Kxc3) 59... Ra2 $19 60. a7 c2 61. Kd2 Kh4 62. Kc1 e4 63. Re8 Rxa7 {( -> ...Kh3)} 64. Rxe4+ Kg3 {Black mates.} 65. Kxc2 h4 66. Kd2 Rf7 67. Re8 Kf2 68. Re2+ Kg1 69. Re3 Kg2 70. Ke2 h3 71. Re8 Rf3 72. Rh8 Rg3 73. Rf8 h2 74. Rf2+ Kh3 75. Rf1 Rg1 76. Rf3+ Kg4 {Weighted Error Value: White=0.35/Black=0.24 (precise)} 0-1

[Event "Prague Open 2024"]
[Site "Prague"]
[Date "2024.01.09"]
[Round "6.5"]
[White "Xie, Felix"]
[Black "Poetsch, Hagen"]
[Result "1/2-1/2"]
[ECO "B51"]
[WhiteElo "2249"]
[BlackElo "2471"]
[Annotator "TA"]
[PlyCount "86"]
[EventDate "2024.01.02"]
[EventType "swiss"]
[EventCountry "CZE"]
[SourceTitle "playchess.com"]
[Source "ChessBase"]
[SourceQuality "1"]
[TimeControl "40/5400+30:1800+30"]

1. e4 c5 2. Nf3 d6 3. Bb5+ Nd7 4. Ba4 Ngf6 5. O-O e6 6. Re1 {[%emt 0:00:05] B51: Sicilian: Moscow Variation (3 Bb5+) without 3...Bd7.} a6 7. c3 c4 8. Bc2 Be7 9. a4 Nc5 10. Qe2 d5 11. e5 {[%emt 0:00:21] [#]} Nfe4 $146 ({Predecessor:} 11... Nh5 12. g3 Bd7 13. d3 cxd3 14. Bxd3 Nxd3 15. Qxd3 f5 16. Nbd2 g5 17. Nd4 O-O {1-0 Tocklin,T (2316)-Baranowski,T (2379) SCO MT-Pyrich S07 email 2018}) 12. d3 (12. Na3 $5 ) 12... cxd3 13. Bxd3 Nxd3 14. Qxd3 Bd7 15. Be3 b5 16. a5 b4 17. Bb6 Qc8 18. Nd4 O-O 19. f3 (19. Qe3 $11) 19... Nc5 $17 20. Qc2 f6 21. exf6 Bxf6 22. Nd2 bxc3 23. bxc3 e5 24. Ne2 Bf5 25. Qa2 Be6 26. Qc2 Qc6 27. c4 {[%emt 0:08:43] [#]} (27. f4 $1 $15) 27... dxc4 $1 28. Nxc4 {[%emt 0:00:44] [#]} e4 (28... Nd7 $1 $17 29. Ne3 Qxc2 30. Nxc2 Nxb6 31. axb6 Rfb8) 29. Ne5 $15 Bxe5 {[%emt 0:00:36] A strong pair of Bishops.} 30. Qxc5 {[%emt 0:00:04] White is weak on the light squares} Qxc5+ 31. Bxc5 Bxa1 32. Bxf8 Rxf8 33. Rxa1 {[%emt 0:00:03][%mdl 4096] Endgame KRB-KRN} Bc4 34. Kf2 (34. Nd4 {simplifies} exf3 35. Nxf3 Bd5 36. Ne5) 34... e3+ 35. Ke1 $1 Rd8 {[%emt 0:01:53] Strongly threatening ...Rd2.} 36. Rc1 Bb3 37. Nf4 g5 38. Nh3 Ba4 (38... Rd2 $11 {keeps the balance.}) 39. Ke2 (39. Nxg5 $16 {Hoping for Ne4.} Rd2 40. Rc8+ Kg7 41. Ne6+ Kh6 42. Rc4) 39... Rd2+ $11 {[%emt 0:00:28] The position is equal.} 40. Kxe3 Rxg2 41. Nf2 Rxh2 42. Rg1 Kf7 43. Rxg5 Rh6 {[%emt 0:04:37] Weighted Error Value: White=0.12 (very precise) /Black=0.11 (very precise)} 1/2-1/2

[Event "Prague Open 2024"]
[Site "Prague"]
[Date "2024.01.09"]
[Round "6.6"]
[White "Ivanov, Mike"]
[Black "Brnusak, Tomas"]
[Result "1-0"]
[ECO "A04"]
[WhiteElo "2356"]
[BlackElo "2229"]
[Annotator "RC"]
[PlyCount "79"]
[EventDate "2024.01.02"]
[EventType "swiss"]
[EventCountry "CZE"]
[SourceTitle "playchess.com"]
[Source "ChessBase"]
[SourceQuality "1"]
[TimeControl "40/5400+30:1800+30"]

1. Nf3 f5 2. d3 d6 3. e4 e5 4. Nc3 Nf6 5. exf5 Bxf5 6. d4 e4 7. Nh4 Bg4 8. Be2 Bxe2 9. Qxe2 Qe7 10. Bg5 c6 11. Nf5 Qe6 12. Bxf6 Qxf5 13. Nxe4 Kd7 14. Bh4 d5 15. Nd2 Qxc2 16. O-O Qf5 17. Nf3 Bd6 18. Rae1 Na6 19. Ne5+ Kc7 20. a3 Rae8 21. b4 Qf4 22. Bg3 Qxd4 23. Qh5 g6 24. Qh6 Re7 25. Nxc6 Kxc6 26. b5+ Kxb5 27. Bxd6 Rxe1 28. Rxe1 Re8 29. Rb1+ Kc6 30. Bg3 Qb2 31. Rf1 Re7 32. Qf8 Re4 33. Qd6+ Kb5 34. Qxd5+ Nc5 35. Bd6 Qd4 36. Rb1+ Ka4 37. Qxc5 Qxc5 38. Bxc5 Re5 39. Bxa7 Kxa3 40. f4 1-0

[Event "Prague Open 2024"]
[Site "Prague"]
[Date "2024.01.09"]
[Round "6.7"]
[White "Sindler, Michal"]
[Black "Berin, Artem"]
[Result "0-1"]
[ECO "B40"]
[WhiteElo "2158"]
[BlackElo "2327"]
[Annotator "TA"]
[PlyCount "76"]
[EventDate "2024.01.02"]
[EventType "swiss"]
[EventCountry "CZE"]
[SourceTitle "playchess.com"]
[Source "ChessBase"]
[SourceQuality "1"]
[TimeControl "40/5400+30:1800+30"]

1. e4 c5 2. Nf3 e6 3. Qe2 Nc6 4. g3 g6 5. Bg2 Bg7 6. O-O Nf6 {C00: French: Unusual White 2nd moves.} 7. c3 d5 8. e5 Nd7 {[%cal Rd7e5] White is slightly better.} 9. d4 O-O 10. Na3 a6 {[#] Prevents Nb5.} 11. Bf4 $146 ({Predecessor:} 11. Nc2 b5 12. Bg5 Qb6 13. Qd2 Re8 14. Bh6 Bh8 15. Ng5 cxd4 16. cxd4 Ne7 17. Qf4 {1-0 Ribeiro,F (2202)-Tome,D (2000) POR-ch57 Lisbon 2001 (2.14)}) 11... f6 (11... b5 $14) 12. exf6 $16 Qxf6 13. Rad1 h6 (13... Qe7 $16 {is a better defense.}) 14. Rfe1 (14. Bd6 $18) 14... cxd4 15. cxd4 (15. Qxe6+ Qxe6 16. Rxe6 g5 $11) ({Don't play} 15. Nxd4 $6 e5 16. Bxd5+ Kh7 $11) 15... Re8 16. h4 Qf7 17. Nc2 Nf6 18. Ne5 {Dodges Bd7} Nxe5 19. Bxe5 (19. dxe5 $142 Nh5 20. Bd2) 19... Bd7 20. Bxf6 (20. Qd2 $16) 20... Qxf6 (20... Bxf6 {simplifies} 21. Bh3 Qg7 22. h5 Re7) 21. h5 gxh5 22. Qxh5 Rf8 23. f4 Be8 24. Qg4 Bf7 25. Re2 Rac8 26. Ne1 Rce8 (26... h5 $11 {is more appropriate.} 27. Qh3 h4) 27. Nf3 $14 Re7 28. Ne5 Be8 29. Bf3 h5 30. Qh3 Qf5 31. Qh1 (31. Rh2 $14) 31... Bf6 $11 32. Rh2 Rg7 $36 {[%csl LRf4,LRg3][%mdl 2112] [#] Deflection. Black has good play.} (32... Rh7 {simplifies} 33. Qg2 Bxe5 34. dxe5 h4) 33. g4 $2 (33. Bxh5 $2 {too greedy.} Bxh5 34. Rf1 Bxe5 35. dxe5 Rxg3+ 36. Rg2 Rxg2+ 37. Qxg2+ Kh8 $19) ({Much worse is} 33. Qg2 h4 34. Rh3 Bb5 $17) (33. Rg2 $11) 33... Qxf4 $19 34. Bxd5 Qe3+ {Black mates.} 35. Rf2 Bxe5 36. Bxe6+ Kh7 37. Bf5+ Rxf5 38. dxe5 Qxf2# {What a bad dream for White. An entertaining game by Berin.   Weighted Error Value: White=0.44/Black=0.12 (very precise)} 0-1

[Event "Prague Open 2024"]
[Site "Prague"]
[Date "2024.01.09"]
[Round "6.8"]
[White "Koridze, Lile"]
[Black "Grave, Jacob Templen"]
[Result "1-0"]
[ECO "E04"]
[WhiteElo "2152"]
[BlackElo "2296"]
[Annotator "RC"]
[PlyCount "81"]
[EventDate "2024.01.02"]
[EventType "swiss"]
[EventCountry "CZE"]
[SourceTitle "playchess.com"]
[Source "ChessBase"]
[SourceQuality "1"]
[TimeControl "40/5400+30:1800+30"]

1. d4 Nf6 2. c4 e6 3. Nf3 d5 4. g3 dxc4 5. Bg2 Bd7 6. Ne5 Bc6 7. Nxc6 Nxc6 8. e3 Qd7 9. O-O O-O-O 10. Nc3 h5 11. Qa4 Nd5 12. Qxc4 h4 13. Rd1 hxg3 14. hxg3 f5 15. Qe2 Bb4 16. Bd2 g5 17. e4 fxe4 18. Qxe4 Nf6 19. Qg6 Rdf8 20. Be3 Rhg8 21. Qd3 Nd5 22. Nxd5 exd5 23. Qb5 Rd8 24. Rac1 Be7 25. Rc3 a6 26. Qa4 Bf6 27. Rdc1 Ne7 28. Rxc7+ Qxc7 29. Rxc7+ Kxc7 30. Qa5+ Kb8 31. Qb6 Rgf8 32. Qe6 Nc6 33. Bxd5 Rfe8 34. Qxf6 Rxd5 35. Bxg5 Nxd4 36. Kg2 Ka8 37. Qf7 Re6 38. Qg8+ Ka7 39. Bf4 Rd7 40. Qc8 Rd5 41. Bc7 1-0

[Event "Prague Open 2024"]
[Site "Prague"]
[Date "2024.01.09"]
[Round "6.9"]
[White "Pyrig, Roman"]
[Black "Morchiashvili, Bachana"]
[Result "1-0"]
[ECO "B41"]
[WhiteElo "2154"]
[BlackElo "2295"]
[Annotator "RC"]
[PlyCount "67"]
[EventDate "2024.01.02"]
[EventType "swiss"]
[EventCountry "CZE"]
[SourceTitle "playchess.com"]
[Source "ChessBase"]
[SourceQuality "1"]
[TimeControl "40/5400+30:1800+30"]

1. e4 c5 2. Nf3 e6 3. d4 cxd4 4. Nxd4 a6 5. c4 Nf6 6. Nc3 Qc7 7. a3 b6 8. Be2 Bb7 9. f3 Be7 10. Be3 O-O 11. Rc1 d6 12. Kd2 Nbd7 13. Kc2 Rac8 14. Kb1 Ne5 15. g4 Qd8 16. Qf1 Re8 17. g5 Nfd7 18. h4 Bf8 19. h5 d5 20. cxd5 exd5 21. Nxd5 Bxd5 22. exd5 Nc5 23. f4 Ned3 24. Bxd3 Rxe3 25. Bf5 Qxd5 26. Bxc8 Qxd4 27. Qc4 Qd8 28. g6 hxg6 29. hxg6 Qd3+ 30. Qxd3 Rxd3 31. Bf5 Rd6 32. b4 Na4 33. Rc8 fxg6 34. Bc2 1-0

[Event "Prague Open 2024"]
[Site "Prague"]
[Date "2024.01.09"]
[Round "6.10"]
[White "Kirtadze, Anastasia"]
[Black "Keller, Peter"]
[Result "0-1"]
[ECO "C95"]
[WhiteElo "1981"]
[BlackElo "2289"]
[Annotator "RC"]
[PlyCount "120"]
[EventDate "2024.01.02"]
[EventType "swiss"]
[EventCountry "CZE"]
[SourceTitle "playchess.com"]
[Source "ChessBase"]
[SourceQuality "1"]
[TimeControl "40/5400+30:1800+30"]

1. e4 e5 2. Nf3 Nc6 3. Bb5 a6 4. Ba4 Nf6 5. O-O Be7 6. Re1 b5 7. Bb3 d6 8. c3 O-O 9. h3 Nb8 10. d4 Nbd7 11. Nbd2 Bb7 12. Bc2 Re8 13. Nf1 Bf8 14. Ng3 a5 15. a3 a4 16. Bd3 Ba6 17. Nf5 c5 18. d5 c4 19. Bc2 Nc5 20. g4 Kh8 21. Ng5 Ra7 22. Be3 g6 23. Ng3 Bc8 24. Qd2 Ng8 25. f4 exf4 26. Bd4+ Bg7 27. Qxf4 f6 28. Nf3 Nh6 29. g5 fxg5 30. Nxg5 Rf8 31. Qh4 Kg8 32. e5 Raf7 33. Rf1 dxe5 34. Bxe5 Rxf1+ 35. Rxf1 Rxf1+ 36. Nxf1 Bxe5 37. Qxh6 Qe7 38. Nf3 Bg7 39. Qd2 Bxh3 40. d6 Qf7 41. N1h2 Bd7 42. Qf2 Qd5 43. Qh4 Qxd6 44. Ng5 h6 45. Ne4 Nxe4 46. Bxe4 Kh7 47. Nf3 Bf6 48. Qf2 Kg7 49. Qa7 Bd8 50. Kg2 Bb6 51. Qb7 Bc7 52. Kf2 Qb6+ 53. Qxb6 Bxb6+ 54. Ke2 Kf6 55. Nd2 g5 56. Bf3 Ke5 57. Bh5 Kf4 58. Bg6 Bc6 59. Bh5 g4 60. Nf1 g3 0-1

[Event "Prague Open 2024"]
[Site "Prague"]
[Date "2024.01.09"]
[Round "6.11"]
[White "Vojta, Jakub"]
[Black "Arndt, Stefan"]
[Result "1/2-1/2"]
[ECO "C90"]
[WhiteElo "2261"]
[BlackElo "2130"]
[Annotator "TA"]
[PlyCount "110"]
[EventDate "2024.01.02"]
[EventType "swiss"]
[EventCountry "CZE"]
[SourceTitle "playchess.com"]
[Source "ChessBase"]
[SourceQuality "1"]
[TimeControl "40/5400+30:1800+30"]

1. e4 e5 2. Nf3 Nc6 3. Bb5 a6 4. Ba4 Nf6 5. O-O Be7 6. Re1 b5 7. Bb3 d6 8. c3 O-O 9. d3 Na5 10. Bc2 c5 11. Nbd2 Nc6 12. Nf1 h6 13. a4 {[%emt 0:01:16] axb5 would now be deadly.} Be6 14. Ng3 Re8 15. h3 Bf8 16. d4 cxd4 17. cxd4 exd4 18. Nxd4 Nxd4 19. Qxd4 Rc8 20. Bd3 Bc4 21. axb5 axb5 22. Bf4 (22. b3 $11 Bxd3 23. Qxd3) 22... d5 $15 23. b3 {[%emt 0:12:46] [#]} Bc5 $1 $19 (23... Bxb3 24. Bxb5 Re6 (24... dxe4 25. Qb2 $16) 25. e5 $14) 24. Qc3 dxe4 (24... b4 25. Qd2 Bd4 (25... Bxb3 26. e5 $15) (25... Bxd3 26. Qxd3 dxe4 27. Qxd8 $19) 26. Bxc4 (26. bxc4 $2 Bxa1 27. Qxb4 dxe4 $19)) 25. Bxc4 bxc4 ({Don't do} 25... Bd4 26. Bxf7+ Kxf7 27. Qb4 Bxa1 28. Rxa1) 26. Red1 (26. Nf5 $142) 26... Qb6 27. bxc4 Bxf2+ 28. Kh2 Bxg3+ 29. Bxg3 Qc5 30. Rac1 (30. Rd4 $17) 30... Re6 (30... e3 $19 {Hoping for ...Ne4.} 31. Qd4 Ne4 32. Qxc5 Nxc5 (32... Rxc5 33. Bf4 $17)) 31. Rd4 (31. Qd4 $17) 31... e3 32. Qd3 Rce8 33. Re1 Re4 ({Better is} 33... Qg5 $19 {Strongly threatening ...Nh5.} 34. Bh4 Qa5) 34. Rxe4 $17 Rxe4 ({Of course not} 34... Nxe4 $6 35. Rxe3 f5 36. Re1 $11) 35. Bd6 Qh5 36. c5 (36. Kg1 $17 {keeps fighting.}) 36... Qh4 ({Black should try} 36... Ng4+ $19 37. Kg1 Nf2) 37. Qe2 Ng4+ 38. Kg1 Qf2+ 39. Kh1 Ne5 40. Bxe5 Rxe5 {[%emt 0:00:06][%mdl 4096] Endgame. KQR-KQR} 41. c6 Re7 42. c7 Rxc7 (42... Qf5 {looks sharper.} 43. Rc1 Qc8 44. Qg4 Re6) 43. Qxe3 Qxe3 44. Rxe3 $15 {[%emt 0:00:05] KR-KR} g5 45. Kh2 Kg7 (45... Rc4 $17) 46. Ra3 h5 47. h4 gxh4 48. Ra4 {[%emt 0:00:22] Inhibits Rc4.} Kg6 49. Rxh4 Rc2 50. Ra4 Kg5 51. Ra8 Rc6 52. Kh3 h4 53. Rg8+ {[%emt 0:00:21] The position is equal.} Rg6 54. Rh8 Re6 55. Rxh4 Re3+ {Black had all chances to win.   Weighted Error Value: White=0.19 (very precise) /Black=0.18 (very precise) .  Mistake:       	White=6     	Black=4      Inaccurate:     	White=1     	Black=2      OK:         	White=17    	Black=9      Best:        	White=4     	Black=1      Strong:       	---       	Black=1} 1/2-1/2

[Event "Prague Open 2024"]
[Site "Prague"]
[Date "2024.01.09"]
[Round "6.12"]
[White "Shagbazyan, Taron"]
[Black "Wang, Yukun"]
[Result "1/2-1/2"]
[ECO "D45"]
[WhiteElo "2403"]
[BlackElo "2117"]
[Annotator "RC"]
[PlyCount "71"]
[EventDate "2024.01.02"]
[EventType "swiss"]
[EventCountry "CZE"]
[SourceTitle "playchess.com"]
[Source "ChessBase"]
[SourceQuality "1"]
[TimeControl "40/5400+30:1800+30"]

1. d4 d5 2. c4 c6 3. Nf3 Nf6 4. Nc3 e6 5. e3 Nbd7 6. Qc2 Bd6 7. Bd3 dxc4 8. Bxc4 O-O 9. O-O e5 10. b3 Qe7 11. a4 e4 12. Ng5 Bxh2+ 13. Kxh2 Ng4+ 14. Kg1 Qxg5 15. Qxe4 Ndf6 16. Qf4 Qxf4 17. exf4 Re8 18. Ba3 Be6 19. Rfe1 Rad8 20. Rad1 h5 21. g3 Nh6 22. Re5 Nd7 23. Ra5 Bxc4 24. bxc4 Nb6 25. Rxa7 Nxc4 26. Bb4 b6 27. Rc7 Rc8 28. Rxc8 Rxc8 29. Rc1 Nf5 30. Ne4 Nb2 31. a5 Nd3 32. Rb1 Nxb4 33. Rxb4 bxa5 34. Ra4 Rd8 35. Rxa5 Rd5 36. Rxd5 1/2-1/2

[Event "Prague Open 2024"]
[Site "Prague"]
[Date "2024.01.09"]
[Round "6.13"]
[White "Peglau, Charis"]
[Black "Neuman, Petr"]
[Result "0-1"]
[ECO "A41"]
[WhiteElo "1984"]
[BlackElo "2398"]
[Annotator "RC"]
[PlyCount "82"]
[EventDate "2024.01.02"]
[EventType "swiss"]
[EventCountry "CZE"]
[SourceTitle "playchess.com"]
[Source "ChessBase"]
[SourceQuality "1"]
[TimeControl "40/5400+30:1800+30"]

1. d4 d6 2. c4 e5 3. e3 Nc6 4. Nc3 g6 5. Nf3 Bg7 6. Be2 Bd7 7. O-O f5 8. dxe5 dxe5 9. e4 f4 10. b3 Bg4 11. Qxd8+ Rxd8 12. Ng5 Bd7 13. Nd5 Rc8 14. Bb2 h6 15. Nf3 g5 16. h4 Nge7 17. hxg5 hxg5 18. Nxg5 Ng6 19. g3 Nd4 20. Bxd4 exd4 21. e5 Bf5 22. Nxf4 Nxf4 23. gxf4 Rh4 24. Kg2 Rxf4 25. Rh1 Ke7 26. Nh3 Re4 27. Bf3 Rxe5 28. Rae1 c6 29. Rxe5+ Bxe5 30. Kf1 Kf6 31. Ke2 d3+ 32. Kd2 Rh8 33. Ng1 Bf4+ 34. Kd1 Rh2 35. Ke1 Ke5 36. Rxh2 Bxh2 37. Kf1 Kd4 38. Bh5 Bxg1 39. Kxg1 d2 40. Bd1 Kc3 41. Kf1 Bd3+ 0-1